 Dungeon Crawl Stone Soup version 0.30-a0-626-gd6a5dd7a1f (webtiles) character file.

Game seed: 2304217267235717980

1411 porpoise the Cleaver (level 9, -13/72 HPs)
             Began as a Formicid Fighter on Jan 12, 2023.
             Mangled by an orc warrior
             ... wielding a +0 dire flail
              (15 damage)
             ... on level 6 of the Dungeon.
             The game lasted 00:14:11 (4478 turns).

porpoise the Cleaver (Formicid Fighter)             Turns: 4478, Time: 00:14:12

Health: -13/72     AC: 10    Str: 26    XL:     9   Next: 1%
Magic:  9/9        EV: 10    Int:  7    God:
Gold:   168        SH:  5    Dex: 13    Spells: 8/8 levels left

rFire   . . .      SeeInvis +    a - +0 war axe
rCold   . . .      Faith    .    c - +0 buckler
rNeg    . . .      Spirit   .    q - +0 scale mail
rPois   +          Reflect  .    (helmet unavailable)
rElec   .          Harm     .    C - +0 cloak
rCorr   .          Rampage  .    l - +0 pair of gloves
Will    .....                    i - +0 pair of boots Stlth
                                 (no amulet)
HPRegen 0.32/turn                o - ring of poison resistance
MPRegen 0.11/turn                (no ring)

@: attractive
A: permanent stasis, dig shafts and tunnels, antennae 3, four strong arms
a: Dig, Shaft Self


You were on level 6 of the Dungeon.
You visited 1 branch of the dungeon, and saw 6 of its levels.

You collected 168 gold pieces.

Inventory:

Hand Weapons
 a - a +0 war axe (weapon)
 b - a +0 sling
Missiles
 e - 5 javelins
 h - 5 poisoned darts
 w - 3 boomerangs
Armour
 c - a +0 buckler (worn)
 i - a +0 pair of boots (worn)
 l - a +0 pair of gloves (worn)
 q - a +0 scale mail (worn)
 C - a +0 cloak (worn)
Jewellery
 o - a ring of poison resistance (left hand)
 B - a +6 ring of intelligence
Wands
 d - a wand of roots (7)
 s - a wand of paralysis (8)
Scrolls
 j - 3 scrolls of fog
 k - 3 scrolls of amnesia
 m - a scroll of poison {unknown}
 r - a scroll of immolation {unknown}
 u - a scroll of vulnerability
 y - a scroll of blinking {unknown}
 A - a scroll of noise {unknown}
Potions
 f - 2 potions of brilliance
 g - a potion of mutation
 n - 5 potions of curing
 p - a potion of lignification
 t - 2 potions of attraction
 z - a potion of invisibility {unknown}


   Skills:
 - Level 7.0 Fighting
 + Level 8.6 Axes
 + Level 3.9 Armour
 + Level 1.4 Dodging
 - Level 4.0 Shields


You had 8 spell levels left.
You didn't know any spells.
Your spell library contained the following spells:

 Spells                   Type           Power      Damage    Failure   Level
 Foxfire                  Conj/Fire      0%         2x1d4     77%         1
 Ignite Poison            Fire/Tmut/Pois 0%         N/A       98%         3
 Sticky Flame             Conj/Fire      0%         2d3       100%        4
 Fireball                 Conj/Fire      0%         3d3       100%        5
 Starburst                Conj/Fire      0%         6d3       100%        6
 Ignition                 Fire           0%         3d3       100%        8


Dungeon Overview and Level Annotations

Branches:
Dungeon (5/15)             Temple (0/1) D:6

Altars:
Nemelex Xobeh
Ru
Trog

Shops:
D:1 (


Innate Abilities, Weirdness & Mutations

You cannot be hasted, slowed, berserked, paralysed or teleported.
You can dig through walls and to a lower floor.
You have a pair of large antennae on your head. (SInv)
Your four strong arms can wield two-handed weapons with a shield.


Message History

You block the orc warrior's attack.
You closely miss the orc warrior. You closely miss the orc.
The orc hits you with a +0 short sword. The orc warrior barely misses you.
You closely miss the orc warrior. You hit the orc but do no damage.
The orc hits you but does no damage.
The orc warrior hits you with a +0 dire flail!
You closely miss the orc warrior. You closely miss the orc.
You slash the white imp! You block the orc's attack.
You block the orc warrior's attack.
The white imp hits you but does no damage.
You hit the orc warrior but do no damage.
You hit the orc. You barely miss the white imp.
The orc hits you with a +0 short sword.
The orc warrior hits you with a +0 dire flail.
* * * LOW HITPOINT WARNING * * *
The white imp puffs mist at you. The white imp hits you.
* * * LOW HITPOINT WARNING * * *
The white imp freezes you.
* * * LOW HITPOINT WARNING * * *
You hit the orc warrior but do no damage.
You closely miss the orc. You hit the white imp.
You kill the white imp!
The orc hits you but does no damage. The orc warrior barely misses you.
The orc hits you with a +0 short sword.
* * * LOW HITPOINT WARNING * * *
The orc warrior hits you with a +0 dire flail.
* * * LOW HITPOINT WARNING * * *
It was a potion of attraction.
You feel attractive to monsters. You block the orc's attack.
The orc warrior barely misses you.
You feel better. The orc hits you but does no damage.
The orc warrior hits you with a +0 dire flail!
* * * LOW HITPOINT WARNING * * *
Okay, then.
It was a potion of berserk rage.
Your stasis prevents you from going berserk.
The orc barely misses you.
The orc warrior hits you with a +0 dire flail!
You die...

... .#.......
...# .......>?
#..# .........
#..##........
^.##...........
>..............
#..oo.......
##@.......
##.........
#.........?
#...........
.....#........
................
.........#.....!.
.................
...............$#


You could see an orc warrior and an orc.

Vanquished Creatures
  Pikel (D:4)
  Sigmund (D:3)
  2 ice beasts (D:5)
  A lemure (D:4)
  A bullfrog (D:4)
  A scorpion (D:4)
  2 jellies (D:5)
  An orc priest (D:6)
  A hound (D:4)
  3 iguanas (D:5)
  Ijyb (D:3)
  2 orc wizards
  Robin (D:3)
  3 adders (D:4)
  3 white imps
  An ufetubus (D:5)
  2 worms
  4 dart slugs
  24 orcs
  2 bats (D:2)
  6 endoplasms
  5 giant cockroaches
  10 goblins
  9 hobgoblins
  6 kobolds
  6 quokkas
  10 ball pythons
  3 frilled lizards (D:3)
  6 rats
118 creatures vanquished.

Notes
Turn   | Place    | Note
-------+----------+-------------------------------------------
     0 | D:1      | porpoise the Formicid Fighter began the quest for the Orb.
     0 | D:1      | Reached XP level 1. HP: 18/18 MP: 1/1
     8 | D:1      | Noticed a minotaur zombie
    14 | D:1      | Noticed a demonspawn zombie
   252 | D:1      | Reached XP level 2. HP: 24/24 MP: 2/2
   296 | D:1      | Found Haiv's Weapon Shoppe.
   678 | D:2      | Found a bloodstained altar of Trog.
   700 | D:2      | Reached XP level 3. HP: 30/30 MP: 3/3
   821 | D:2      | Reached skill level 3 in Axes
  1232 | D:3      | Noticed Sigmund
  1241 | D:3      | Killed Sigmund
  1242 | D:3      | Reached skill level 4 in Axes
  1242 | D:3      | Reached XP level 4. HP: 35/38 MP: 4/4
  1242 | D:3      | Reached XP level 5. HP: 40/43 MP: 5/5
  1242 | D:3      | Reached XP level 6. HP: 46/49 MP: 6/6
  1371 | D:3      | Noticed Robin
  1381 | D:3      | Killed Robin
  1382 | D:3      | Reached skill level 5 in Axes
  1874 | D:3      | Noticed Ijyb
  1888 | D:3      | Killed Ijyb
  1889 | D:3      | Reached skill level 5 in Fighting
  1921 | D:3      | Found a faded altar of an unknown god.
  1969 | D:3      | Found a sparkling altar of Nemelex Xobeh.
  2656 | D:4      | Reached XP level 7. HP: 54/56 MP: 7/7
  2666 | D:4      | Reached skill level 6 in Axes
  3591 | D:4      | Found a sacrificial altar of Ru.
  3693 | D:5      | Entered Level 5 of the Dungeon
  3693 | D:5      | Noticed Pikel
  3820 | D:4      | Killed Pikel
  3821 | D:4      | Reached skill level 8 in Axes
  3821 | D:4      | Reached XP level 8. HP: 27/65 MP: 8/8
  4415 | D:5      | Reached skill level 1 in Dodging
  4460 | D:5      | You fall into a shaft and drop 1 floor!
  4464 | D:6      | Found a staircase to the Ecumenical Temple.
  4468 | D:6      | Reached XP level 9. HP: 45/72 MP: 9/9
  4477 | D:6      | HP: 2/72 [orc warrior/+0 dire flail (10)]
  4478 | D:6      | Mangled by an orc warrior

Illustrated notes

Levels and vault maps discovered:
D:1:      shiori_arrival_whats_in_store_for_you, layout_basic, serial_shops,
          nicolae_square_shop, nicolae_concentric_dashed_squares_mild
D:2:      layout_basic, basic_altar, minmay_tromino_i4
D:3:      minmay_diamond_boxcup, layout_basic,
          nemelex_xobeh_ov_fountains_minmay,
          chequers_ecumenical_altar_simple_redux, uniq_robin, uniq_sigmund,
          uniq_ijyb
D:4:      minmay_clustersquares, layout_basic, kennysheep_little_box
D:5:      layout_layer_cave, amcnicky_altar_gilded, uniq_pikel
D:6:      layout_rooms, minmay_temple_entry_waves

Skill      XL: |  1  2  3  4  5  6  7  8 |
---------------+-------------------------+-----
Axes           | 4 5 8 |  8.6
Fighting       | 4 5 6 7 |  7.0
Dodging        | 1 |  1.4
Armour         | |  3.9
Shields        | |  4.0

Action                   |  1- 3 |  4- 6 |  7- 9 || total
-------------------------+-------+-------+-------++-------
Melee: War axe           |    73 |   122 |   131 ||   326
  Use: Scroll            |     4 |       |     5 ||     9
       Potion            |     2 |       |     3 ||     5
Armor: Scale mail        |    33 |    47 |    53 ||   133
Dodge: Dodged            |    19 |    53 |    45 ||   117
Block: Buckler           |    17 |    31 |    20 ||    68

Table legend: (Time is in decaauts)
 A = Elapsed time spent in this place.
 B = Non-inter-level travel time spent in this place.
 C = Inter-level travel time spent in this place.
 D = Time resting spent in this place.
 E = Time spent auto-exploring this place.
 F = Levels seen in this place.
 G = Mean time per level.
                   A        B        C        D        E       F      G
               +--------+--------+--------+--------+--------+-----+--------+
         Total |   4562 |   4421 |    141 |    600 |   2871 |   6 |  760.3 |
       Dungeon |   4562 |   4421 |    141 |    600 |   2871 |   6 |  760.3 |
               +--------+--------+--------+--------+--------+-----+--------+

Top non-repeatable levels by time:
     D:4: 1482 daAuts
     D:3: 1322 daAuts
     D:2: 705 daAuts
     D:5: 519 daAuts
     D:1: 514 daAuts
     D:6: 18 daAuts
